SL
PHILADELPHIA 1776 BC @ WIZARDING EXPRESS
07/04/2032
 
TOP OF THE 1ST
Philadelphia 1776 BC batting - Pitching for Wizarding Express : RHP Marv Bradford
Pitching: RHP Marv Bradford
Batting: LHB Kelvin Abbott 0-0: Ball
1-0: Swinging Strike
1-1: Swinging Strike
1-2: Foul Ball, location: 2F
1-2: Foul Ball, location: 2F
1-2: Foul Ball, location: 2F
1-2: Ball
2-2: Ball
3-2: Foul Ball, location: 2F
3-2: Foul Ball, location: 2F
3-2: Base on Balls
Batting: RHB Mario Castillo 0-0: Called Strike
0-1: Ball
1-1: Called Strike
1-2: Grounds into double play, 5-4-3 (Groundball, 56)
Batting: LHB Manoo Satyavrat 0-0: Ball
1-0: Ground out 4-3 (Groundball, 4)
Top of the 1st over - 0 runs, 0 hits, 0 errors, 0 left on base; Philadelphia 1776 0 - Wizarding 0
BOTTOM OF THE 1ST
Wizarding Express batting - Pitching for Philadelphia 1776 BC : LHP Masami Kogawa
Pitching: LHP Masami Kogawa
Batting: RHB Frank Grimes 0-0: Called Strike
0-1: Ball
1-1: Foul Ball, location: 2F
1-2: Hit by Pitch
Batting: LHB José Corona 0-0: Ball
1-0: Called Strike
1-1: Ball
2-1: Foul Ball, location: 2F
2-2: Strikes out swinging
Batting: RHB Ralph Cranford 0-0: Ball
1-0: Called Strike
1-1: Ball
2-1: SINGLE (Groundball, 4MS) (infield hit)
Frank Grimes to second
Batting: RHB Paul Penrice 0-0: Ball
1-0: Ball
2-0: Foul Ball, location: 2F
2-1: Ground out 6-3 (Groundball, 6S)
Frank Grimes to third
Ralph Cranford to second
Batting: LHB Nathan Tanner 0-0: Ground out 4-3 (Groundball, 4)
Bottom of the 1st over - 0 runs, 1 hit, 0 errors, 2 left on base; Philadelphia 1776 0 - Wizarding 0
TOP OF THE 2ND
Philadelphia 1776 BC batting - Pitching for Wizarding Express : RHP Marv Bradford
Batting: RHB Karl Blanke 0-0: Ball
1-0: Swinging Strike
1-1: Called Strike
1-2: DOUBLE (Flyball, 78D)
Batting: SHB Sam Quint 0-0: Ball
1-0: Called Strike
1-1: Foul Ball, location: 2F
1-2: Foul Ball, location: 2F
1-2: SINGLE (Groundball, 56D)
Karl Blanke to third
Runner from 3rd tries for Home, throw and OUT!
Batting: LHB José Rodríguez 0-0: Ball
1-0: Ball
2-0: Called Strike
2-1: Called Strike
2-2: Foul Ball, location: 2F
2-2: Foul Ball, location: 2F
2-2: Ball
3-2: Base on Balls
Sam Quint to second
Batting: RHB Phil Moore 0-0: Ball
1-0: Ball
2-0: Called Strike
2-1: Foul Ball, location: 2F
2-2: Ball
3-2: Base on Balls
Sam Quint to third
José Rodríguez to second
Batting: RHB Kevin Malone 0-0: Ball
1-0: Called Strike
1-1: Swinging Strike
1-2: Ball
2-2: Foul Ball, location: 2F
2-2: Foul Ball, location: 2F
2-2: Ball
3-2: Foul Ball, location: 2F
3-2: Base on Balls
Sam Quint scores
José Rodríguez to third
Phil Moore to second
Batting: RHB Mikko Haataja 0-0: Foul Ball, location: 2F
0-1: Ball
1-1: Foul Ball, location: 2F
1-2: Foul Ball, location: 2F
1-2: SINGLE (Groundball, 6MD)
José Rodríguez scores
Phil Moore to third
Kevin Malone to second
Batting: LHB Kelvin Abbott 0-0: Ball
1-0: Ball
2-0: SINGLE (Groundball, 56D)
Phil Moore scores
Kevin Malone to third
Mikko Haataja to second
Runner from 3rd tries for Home, SAFE, no throw
Batting: RHB Mario Castillo 0-0: Ball
1-0: Fielders Choice at 2nd, 5-4 (Groundball, 56)
Mikko Haataja to third
Batting: LHB Manoo Satyavrat 0-0: Ball
1-0: Ball
2-0: Called Strike
2-1: Ball
3-1: Foul Ball, location: 2F
3-2: Ground out 4-3 (Groundball, 34)
Top of the 2nd over - 4 runs, 4 hits, 0 errors, 2 left on base; Philadelphia 1776 4 - Wizarding 0
BOTTOM OF THE 2ND
Wizarding Express batting - Pitching for Philadelphia 1776 BC : LHP Masami Kogawa
Batting: RHB Gustavo Mateo 0-0: Ball
1-0: Ground out U3 (Groundball, 23)
Batting: SHB Salvador Trevino 0-0: Ball
1-0: Ball
2-0: Foul Ball, location: 2F
2-1: Ground out 6-3 (Groundball, 6)
Batting: LHB Cris Gonzáles 0-0: Ball
1-0: Fly out, F6 (Flyball, 56D)
Bottom of the 2nd over - 0 runs, 0 hits, 0 errors, 0 left on base; Philadelphia 1776 4 - Wizarding 0
TOP OF THE 3RD
Philadelphia 1776 BC batting - Pitching for Wizarding Express : RHP Marv Bradford
Batting: RHB Karl Blanke 0-0: SOLO HOME RUN (Line Drive, 7LD), Distance : 338 ft
Batting: SHB Sam Quint 0-0: Called Strike
0-1: Ball
1-1: Called Strike
1-2: SINGLE (Line Drive, 8RS)
Batting: LHB José Rodríguez 0-0: Ball
1-0: Called Strike
1-1: Ball
2-1: Ball
3-1: Foul Ball, location: 2F
3-2: SINGLE (Groundball, 56S) (infield hit)
Sam Quint to second
Batting: RHB Phil Moore 0-0: Grounds into double play, 6-4-3 (Groundball, 6)
Sam Quint to third
Batting: RHB Kevin Malone 0-0: Called Strike
0-1: Called Strike
0-2: Ball
1-2: Ball
2-2: SINGLE (Groundball, 56D)
Sam Quint scores
Batting: RHB Mikko Haataja 0-0: Foul Ball, location: 2F
0-1: Ball
1-1: Ground out 4-3 (Groundball, 4)
Top of the 3rd over - 2 runs, 4 hits, 0 errors, 1 left on base; Philadelphia 1776 6 - Wizarding 0
BOTTOM OF THE 3RD
Wizarding Express batting - Pitching for Philadelphia 1776 BC : LHP Masami Kogawa
Batting: LHB António Boccanegra 0-0: Ball
1-0: Called Strike
1-1: Swinging Strike
1-2: Ball
2-2: Foul Ball, location: 2F
2-2: Foul Ball, location: 2F
2-2: Foul Ball, location: 2F
2-2: Fly out, F9 (Flyball, 9)
Batting: RHB Frank Grimes 0-0: Ball
1-0: Foul Ball, location: 2F
1-1: SINGLE (Groundball, 56D)
Batting: LHB José Corona 0-0: Ball
1-0: Ball
2-0: Swinging Strike
2-1: Grounds into double play, U6-3 (Groundball, 4MD)
Bottom of the 3rd over - 0 runs, 1 hit, 0 errors, 0 left on base; Philadelphia 1776 6 - Wizarding 0
TOP OF THE 4TH
Philadelphia 1776 BC batting - Pitching for Wizarding Express : RHP Marv Bradford
Batting: LHB Kelvin Abbott 0-0: DOUBLE (Line Drive, 78D)
Batting: RHB Mario Castillo 0-0: Foul Ball, location: 2F
0-1: Ball
1-1: Ball
2-1: Ball
Kelvin Abbott steals 3rd base
3-1: Fly out, F4 (Popup, 4)
Batting: LHB Manoo Satyavrat 0-0: Called Strike
0-1: Fly out, F7 (Flyball, 8LS)
Runner from 3rd tags up, SCORES, no throw
Batting: RHB Karl Blanke 0-0: Called Strike
0-1: Fly out, F8 (Flyball, 8LM)
Top of the 4th over - 1 run, 1 hit, 0 errors, 0 left on base; Philadelphia 1776 7 - Wizarding 0
BOTTOM OF THE 4TH
Wizarding Express batting - Pitching for Philadelphia 1776 BC : LHP Masami Kogawa
Batting: RHB Ralph Cranford 0-0: Ball
1-0: Fly out, F9 (Flyball, 9D)
Batting: RHB Paul Penrice 0-0: Ball
1-0: Ball
2-0: Called Strike
2-1: Ball
3-1: Swinging Strike
3-2: Foul Ball, location: 2F
3-2: Base on Balls
Batting: LHB Nathan Tanner 0-0: Ball
1-0: Ball
2-0: Ball
3-0: Called Strike
3-1: Base on Balls
Paul Penrice to second
Batting: RHB Gustavo Mateo 0-0: SINGLE (Groundball, 6MD)
Paul Penrice to third
Nathan Tanner to second
Runner from 3rd tries for Home, SAFE, no throw
Batting: SHB Salvador Trevino 0-0: Foul Ball, location: 2F
0-1: Ball
1-1: Ball
2-1: Swinging Strike
2-2: Foul Ball, location: 2F
2-2: Ball
3-2: Foul Ball, location: 2F
3-2: Strikes out swinging
Batting: LHB Cris Gonzáles 0-0: Swinging Strike
0-1: Foul Ball, location: 2F
0-2: Fielders Choice at 2nd, U4 (Groundball, 4M)
Bottom of the 4th over - 1 run, 1 hit, 0 errors, 2 left on base; Philadelphia 1776 7 - Wizarding 1
TOP OF THE 5TH
Philadelphia 1776 BC batting - Pitching for Wizarding Express : RHP Marv Bradford
Pitching: RHP Biff Tannen
Batting: SHB Sam Quint 0-0: Called Strike
0-1: Foul Ball, location: 2F
0-2: Strikes out swinging
Batting: LHB José Rodríguez 0-0: Foul Ball, location: 2F
0-1: Ball
1-1: Fly out, F8 (Flyball, 8LM)
Batting: RHB Phil Moore 0-0: Swinging Strike
0-1: Ball
1-1: Foul Ball, location: 2F
1-2: Ground out U3 (Groundball, 34)
Top of the 5th over - 0 runs, 0 hits, 0 errors, 0 left on base; Philadelphia 1776 7 - Wizarding 1
BOTTOM OF THE 5TH
Wizarding Express batting - Pitching for Philadelphia 1776 BC : LHP Masami Kogawa
Batting: LHB António Boccanegra 0-0: Foul Ball, location: 2F
0-1: Foul Ball, location: 2F
0-2: Ball
1-2: Foul Ball, location: 2F
1-2: Ball
2-2: Ground out U3 (Groundball, 3)
Batting: RHB Frank Grimes 0-0: Ground out 5-3 (Groundball, 56S)
Batting: LHB José Corona 0-0: Ball
1-0: Ground out U3 (Groundball, 3)
Bottom of the 5th over - 0 runs, 0 hits, 0 errors, 0 left on base; Philadelphia 1776 7 - Wizarding 1
TOP OF THE 6TH
Philadelphia 1776 BC batting - Pitching for Wizarding Express : RHP Biff Tannen
Batting: RHB Kevin Malone 0-0: Ball
1-0: Ground out 1-3 (Groundball, 13)
Batting: RHB Mikko Haataja 0-0: Called Strike
0-1: Foul Ball, location: 2F
0-2: Ball
1-2: Foul Ball, location: 2F
1-2: Foul Ball, location: 2F
1-2: Ball
2-2: Ball
3-2: Strikes out swinging
Batting: LHB Kelvin Abbott 0-0: Fly out, F6 (Line Drive, 6M)
Top of the 6th over - 0 runs, 0 hits, 0 errors, 0 left on base; Philadelphia 1776 7 - Wizarding 1
BOTTOM OF THE 6TH
Wizarding Express batting - Pitching for Philadelphia 1776 BC : LHP Masami Kogawa
Batting: RHB Ralph Cranford 0-0: Swinging Strike
0-1: Ball
1-1: Foul Ball, location: 2F
1-2: Ball
2-2: Foul Ball, location: 2F
2-2: Ball
3-2: Fly out, F9 (Flyball, 9)
Batting: RHB Paul Penrice 0-0: Ball
1-0: Ball
2-0: Fly out, F8 (Flyball, 8LD)
Batting: LHB Nathan Tanner 0-0: Called Strike
0-1: Ball
1-1: Ball
2-1: Fly out, F7 (Flyball, 78D)
Bottom of the 6th over - 0 runs, 0 hits, 0 errors, 0 left on base; Philadelphia 1776 7 - Wizarding 1
TOP OF THE 7TH
Philadelphia 1776 BC batting - Pitching for Wizarding Express : RHP Biff Tannen
Batting: RHB Mario Castillo 0-0: SINGLE (Groundball, 34D)
Batting: LHB Manoo Satyavrat 0-0: Ball
1-0: Swinging Strike
1-1: Foul Ball, location: 2F
1-2: Ball
2-2: Strikes out looking
Batting: RHB Karl Blanke 0-0: Swinging Strike
0-1: Foul Ball, location: 2F
0-2: Foul Ball, location: 2F
0-2: Ball
1-2: SINGLE (Flyball, 89M)
Mario Castillo to second
Runner from 2nd tries for 3rd, SAFE, no throw
Batting: SHB Sam Quint 0-0: Swinging Strike
0-1: Swinging Strike
0-2: Ground out U3 (Groundball, 34S)
Mario Castillo scores
Karl Blanke to second
Batting: LHB José Rodríguez 0-0: Foul Ball, location: 2F
0-1: Fly out, F7 (Line Drive, 7)
Top of the 7th over - 1 run, 2 hits, 0 errors, 1 left on base; Philadelphia 1776 8 - Wizarding 1
BOTTOM OF THE 7TH
Wizarding Express batting - Pitching for Philadelphia 1776 BC : LHP Masami Kogawa
Batting: RHB Gustavo Mateo 0-0: Ball
1-0: Ball
2-0: Ball
3-0: Base on Balls
Batting: SHB Salvador Trevino 0-0: Swinging Strike
0-1: Foul Ball, location: 2F
0-2: Ball
1-2: Foul Ball, location: 2F
1-2: Ball
2-2: Ball
3-2: Foul Ball, location: 2F
3-2: Foul Ball, location: 2F
3-2: Base on Balls
Gustavo Mateo to second
Batting: LHB Cris Gonzáles 0-0: Foul Ball, location: 2F
0-1: Foul Ball, location: 2F
0-2: Ball
1-2: Foul Ball, location: 2F
1-2: Ball
2-2: Foul Ball, location: 2F
2-2: Grounds into double play, 6-4-3 (Groundball, 6M)
Gustavo Mateo to third
Pitching: RHP William MacKnight
Batting: LHB António Boccanegra 0-0: Ball
1-0: Called Strike
1-1: SINGLE (Groundball, 6D)
Gustavo Mateo scores
Batting: RHB Frank Grimes 0-0: Ball
1-0: DOUBLE (Flyball, 8RXD)
António Boccanegra to third
Runner from 3rd tries for Home, SAFE, no throw
Batting: LHB José Corona 0-0: Called Strike
0-1: Ground out 4-3 (Groundball, 34)
Bottom of the 7th over - 2 runs, 2 hits, 0 errors, 1 left on base; Philadelphia 1776 8 - Wizarding 3
TOP OF THE 8TH
Philadelphia 1776 BC batting - Pitching for Wizarding Express : RHP Biff Tannen
Batting: RHB Phil Moore 0-0: Called Strike
0-1: Called Strike
0-2: Ball
1-2: SINGLE (Flyball, 9LS)
Batting: RHB Kevin Malone 0-0: Swinging Strike
0-1: Ball
1-1: Called Strike
1-2: Fly out, F8 (Flyball, 78D)
Batting: RHB Mikko Haataja 0-0: Ball
1-0: Called Strike
1-1: SINGLE (Groundball, 56D)
Phil Moore to second
Batting: LHB Kelvin Abbott 0-0: Ball
1-0: Ball
2-0: Ball
3-0: Called Strike
3-1: Called Strike
3-2: Strikes out swinging
Batting: RHB Mario Castillo 0-0: Called Strike
0-1: Ball
1-1: Ball
2-1: Called Strike
2-2: Strikes out swinging
Top of the 8th over - 0 runs, 2 hits, 0 errors, 2 left on base; Philadelphia 1776 8 - Wizarding 3
BOTTOM OF THE 8TH
Wizarding Express batting - Pitching for Philadelphia 1776 BC : RHP William MacKnight
Batting: RHB Ralph Cranford 0-0: Ground out 5-3 (Groundball, 56)
Batting: RHB Paul Penrice 0-0: Ball
1-0: Called Strike
1-1: Swinging Strike
1-2: Strikes out swinging
Batting: LHB Nathan Tanner 0-0: Called Strike
0-1: Fly out, F6 (Popup, P)
Bottom of the 8th over - 0 runs, 0 hits, 0 errors, 0 left on base; Philadelphia 1776 8 - Wizarding 3
TOP OF THE 9TH
Philadelphia 1776 BC batting - Pitching for Wizarding Express : RHP Biff Tannen
Batting: LHB Manoo Satyavrat 0-0: Called Strike
0-1: Swinging Strike
0-2: SINGLE (Line Drive, 78S)
Pitching: RHP Juan Cantú
Batting: RHB Karl Blanke 0-0: Called Strike
0-1: Swinging Strike
0-2: Ball
1-2: Ball
2-2: Fly out, F7 (Flyball, 7D)
Runner from 1st tags up, SAFE at 2nd
Batting: SHB Sam Quint 0-0: Ball
1-0: Ball
2-0: Ground out 4-3 (Groundball, 34)
Manoo Satyavrat to third
Batting: LHB José Rodríguez 0-0: Ball
1-0: Ball
2-0: Ball
3-0: Called Strike
3-1: Base on Balls
Batting: RHB Phil Moore 0-0: Fielders Choice at 2nd, 6-4 (Groundball, 6)
Top of the 9th over - 0 runs, 1 hit, 0 errors, 2 left on base; Philadelphia 1776 8 - Wizarding 3
BOTTOM OF THE 9TH
Wizarding Express batting - Pitching for Philadelphia 1776 BC : RHP William MacKnight
Now at 1B: Eddie Sachs
Batting: RHB Gustavo Mateo 0-0: Ground out 5-3 (Groundball, 5L)
Batting: SHB Salvador Trevino 0-0: Ball
1-0: Called Strike
1-1: Fly out, F7 (Flyball, 78M)
Batting: LHB Cris Gonzáles 0-0: Called Strike
0-1: Ball
1-1: Hit by Pitch
Batting: LHB António Boccanegra 0-0: Fly out, F5 (Popup, 5SF)
Bottom of the 9th over - 0 runs, 0 hits, 0 errors, 1 left on base; Philadelphia 1776 8 - Wizarding 3
Wednesday, September 19th, 2018 - OOTP Baseball 18.8 Build 76